SNL (28 & UNDER)
WICHITA WRANGLERS @ MEMPHIS BLUES
04/18/2029
 
TOP OF THE 1ST
Wichita Wranglers batting - Pitching for Memphis Blues : RHP Mark Bidwell
Pitching: RHP Mark Bidwell
Batting: LHB Glenn Williamson 0-0: Ball
1-0: Ball
2-0: Ball
3-0: Called Strike
3-1: Base on Balls
Batting: LHB Dudley Cooper 0-0: Ball
1-0: Reached on error, E3 (Groundball, 34S)
Glenn Williamson to second
Batting: RHB Jorge Barbosa 0-0: Ball
1-0: Ball
2-0: Foul Ball, location: 2F
2-1: Foul Ball, location: 2F
2-2: Fly out, F4 (Line Drive, 4)
Batting: LHB Milo Powers 0-0: Ball
1-0: Called Strike
1-1: Ball
2-1: Ball
3-1: Base on Balls
Glenn Williamson to third
Dudley Cooper to second
Batting: RHB Ricardo Velásquez 0-0: Called Strike
0-1: Ball
1-1: SINGLE (Groundball, 56D)
Glenn Williamson scores
Dudley Cooper to third
Milo Powers to second
Runner from 3rd tries for Home, SAFE, no throw
Batting: RHB Hubert MacDonald 0-0: Called Strike
0-1: Ball
1-1: Foul Ball, location: 2F
1-2: Foul Ball, location: 2F
1-2: Fly out, F6 (Flyball, 56D)
Batting: RHB Stan Taylor 0-0: 3-RUN HOME RUN (Flyball, 7D), Distance : 393 ft
Batting: RHB José López 0-0: Called Strike
0-1: Swinging Strike
0-2: Ball
1-2: Ball
2-2: Foul Ball, location: 2F
2-2: Ball
3-2: Base on Balls
Batting: RHB Javier Sánchez 0-0: Ball
1-0: Ball
2-0: Ball
3-0: Called Strike
3-1: Base on Balls
José López to second
Batting: LHB Glenn Williamson 0-0: Ball
1-0: SINGLE (Groundball, 3D)
José López to third
Javier Sánchez to second
Runner from 3rd tries for Home, SAFE, throw made home
Batting: LHB Dudley Cooper 0-0: Called Strike
0-1: Foul Ball, location: 2F
0-2: Ball
1-2: Strikes out swinging
Top of the 1st over - 6 runs, 3 hits, 1 error, 2 left on base; Wichita 6 - Memphis 0
BOTTOM OF THE 1ST
Memphis Blues batting - Pitching for Wichita Wranglers : RHP Lester Williams
Pitching: RHP Lester Williams
Batting: SHB Hang-ki Yue 0-0: Foul Ball, location: 2F
0-1: Swinging Strike
0-2: Strikes out swinging
Batting: LHB Brenton Carter 0-0: Ball
1-0: Called Strike
1-1: Fly out, F7 (Flyball, 7)
Batting: LHB Weston Chaney 0-0: Ball
1-0: Called Strike
1-1: Swinging Strike
1-2: Foul Ball, location: 2F
1-2: Ball
2-2: Ground out 6-3 (Groundball, 6)
Bottom of the 1st over - 0 runs, 0 hits, 0 errors, 0 left on base; Wichita 6 - Memphis 0
TOP OF THE 2ND
Wichita Wranglers batting - Pitching for Memphis Blues : RHP Mark Bidwell
Batting: RHB Jorge Barbosa 0-0: Ball
1-0: Called Strike
1-1: Swinging Strike
1-2: Ball
2-2: Foul Ball, location: 2F
2-2: Foul Ball, location: 2F
2-2: Ball
3-2: Foul Ball, location: 2F
3-2: Fly out, F7 (Flyball, 7D)
Batting: LHB Milo Powers 0-0: Ball
1-0: Swinging Strike
1-1: Ball
2-1: Fly out, F7 (Flyball, 78S)
Batting: RHB Ricardo Velásquez 0-0: Ball
1-0: Called Strike
1-1: Called Strike
1-2: Ball
2-2: Foul Ball, location: 2F
2-2: SINGLE (Groundball, 23) (infield hit)
Batting: RHB Hubert MacDonald 0-0: Foul Ball, location: 2F
0-1: Called Strike
0-2: Strikes out looking
Top of the 2nd over - 0 runs, 1 hit, 0 errors, 1 left on base; Wichita 6 - Memphis 0
BOTTOM OF THE 2ND
Memphis Blues batting - Pitching for Wichita Wranglers : RHP Lester Williams
Batting: LHB Jorge Silva 0-0: Ball
1-0: Called Strike
1-1: Ball
2-1: Foul Ball, location: 2F
2-2: Foul Ball, location: 2F
2-2: Ball
3-2: SINGLE (Groundball, 56D)
Batting: LHB John Foster 0-0: Ball
1-0: Ball
2-0: Foul Ball, location: 2F
2-1: Ball
3-1: SINGLE (Flyball, 78M)
Jorge Silva to second
Batting: RHB Aaron Grizzle 0-0: Ball
1-0: 3-RUN HOME RUN (Flyball, 7D), Distance : 393 ft
Batting: LHB Armando Domínguez 0-0: Called Strike
0-1: Swinging Strike
0-2: Foul Ball, location: 2F
0-2: Foul Ball, location: 2F
0-2: Ball
1-2: Foul Ball, location: 2F
1-2: Foul Ball, location: 2F
1-2: Ball
2-2: Ground out 6-3 (Groundball, 6M)
Batting: RHB Jorge Domínguez 0-0: Ball
1-0: Swinging Strike
1-1: Called Strike
1-2: Foul Ball, location: 2F
1-2: Ground out 4-3 (Groundball, 4)
Batting: RHB Salvador Mendoza 0-0: Called Strike
0-1: Fly out, F7 (Flyball, 7)
Bottom of the 2nd over - 3 runs, 3 hits, 0 errors, 0 left on base; Wichita 6 - Memphis 3
TOP OF THE 3RD
Wichita Wranglers batting - Pitching for Memphis Blues : RHP Mark Bidwell
Batting: RHB Stan Taylor 0-0: Called Strike
0-1: Ball
1-1: SINGLE (Line Drive, 6D)
Pitching: RHP Scott Willerton
Batting: RHB José López 0-0: Called Strike
Stan Taylor steals 2nd base
0-1: Ball
1-1: Ball
2-1: SINGLE (Line Drive, 34D)
Stan Taylor to third
Batting: RHB Javier Sánchez 0-0: Called Strike
0-1: Ball
1-1: Ball
2-1: Swinging Strike
2-2: Strikes out swinging
José López steals 2nd base
Batter strikes out.
Batting: LHB Glenn Williamson 0-0: Called Strike
0-1: Called Strike
0-2: Foul Ball, location: 2F
0-2: Ball
1-2: Foul Ball, location: 2F
1-2: DOUBLE (Line Drive, 89M)
Stan Taylor scores
José López scores
Batting: LHB Dudley Cooper 0-0: Ball
1-0: Ball
2-0: Called Strike
2-1: DOUBLE (Line Drive, 9LM)
Glenn Williamson scores
Batting: RHB Jorge Barbosa 0-0: Fly out, F9 (Flyball, 9S)
Batting: LHB Milo Powers 0-0: Called Strike
0-1: Foul Ball, location: 2F
0-2: Foul Ball, location: 2F
0-2: Foul Ball, location: 2F
0-2: Strikes out swinging
Top of the 3rd over - 3 runs, 4 hits, 0 errors, 1 left on base; Wichita 9 - Memphis 3
BOTTOM OF THE 3RD
Memphis Blues batting - Pitching for Wichita Wranglers : RHP Lester Williams
Batting: SHB Hang-ki Yue 0-0: Ball
1-0: Ground out 6-3 (Groundball, 6M)
Batting: LHB Brenton Carter 0-0: Ball
1-0: SINGLE (Groundball, 4MD)
Batting: LHB Weston Chaney 0-0: Fly out, F9 (Flyball, 9)
Batting: LHB Jorge Silva 0-0: Fly out, F9 (Flyball, 9)
Bottom of the 3rd over - 0 runs, 1 hit, 0 errors, 1 left on base; Wichita 9 - Memphis 3
TOP OF THE 4TH
Wichita Wranglers batting - Pitching for Memphis Blues : RHP Scott Willerton
Batting: RHB Ricardo Velásquez 0-0: Foul Ball, location: 2F
0-1: DOUBLE (Flyball, 89D)
Batting: RHB Hubert MacDonald 0-0: Ball
1-0: Called Strike
1-1: Fly out, F7 (Flyball, 7S)
Batting: RHB Stan Taylor 0-0: Ball
1-0: Ball
2-0: Foul Ball, location: 2F
2-1: Foul Ball, location: 2F
2-2: Foul Ball, location: 2F
2-2: Foul Ball, location: 2F
2-2: Ball
3-2: Foul Ball, location: 2F
3-2: Foul Ball, location: 2F
3-2: SINGLE (Line Drive, 34D)
Ricardo Velásquez to third
Runner from 3rd tries for Home, SAFE, throw made home
Batting: RHB José López 0-0: Ball
1-0: Called Strike
1-1: Swinging Strike
1-2: Strikes out swinging
Batting: RHB Javier Sánchez 0-0: Called Strike
0-1: Ball
1-1: Ball
2-1: Ball
3-1: Called Strike
3-2: Strikes out looking
Top of the 4th over - 1 run, 2 hits, 0 errors, 1 left on base; Wichita 10 - Memphis 3
BOTTOM OF THE 4TH
Memphis Blues batting - Pitching for Wichita Wranglers : RHP Lester Williams
Batting: LHB John Foster 0-0: Ball
1-0: Ball
2-0: Ball
3-0: Called Strike
3-1: Called Strike
3-2: Base on Balls
Batting: RHB Aaron Grizzle 0-0: Ball
1-0: Ball
2-0: Ball
3-0: Foul Ball, location: 2F
3-1: Called Strike
3-2: Strikes out swinging
Batting: LHB Armando Domínguez 0-0: Ball
1-0: Foul Ball, location: 2F
1-1: Fly out, F4 (Line Drive, 4)
Batting: RHB Jorge Domínguez 0-0: Ball
1-0: Ground out 4-3 (Groundball, 4)
Bottom of the 4th over - 0 runs, 0 hits, 0 errors, 1 left on base; Wichita 10 - Memphis 3
TOP OF THE 5TH
Wichita Wranglers batting - Pitching for Memphis Blues : RHP Scott Willerton
Batting: LHB Glenn Williamson 0-0: Called Strike
0-1: Foul Ball, location: 2F
0-2: Ground out 5-3 (Groundball, 56)
Batting: LHB Dudley Cooper 0-0: Ball
1-0: Ball
2-0: Ball
3-0: Base on Balls
Pitching: LHP Peter Turner
Batting: RHB Jorge Barbosa 0-0: Foul Ball, location: 2F
0-1: SINGLE (Line Drive, 5)
Dudley Cooper to second
Batting: LHB Milo Powers 0-0: Ball
1-0: SINGLE (Line Drive, 9S)
Dudley Cooper to third
Jorge Barbosa to second
Batting: RHB Ricardo Velásquez 0-0: Foul Ball, location: 2F
0-1: Foul Ball, location: 2F
0-2: Ball
1-2: SINGLE (Groundball, 34D)
Dudley Cooper scores
Jorge Barbosa to third
Milo Powers to second
Pitching: RHP Pedro Orozco
Batting: RHB Hubert MacDonald 0-0: Ball
1-0: Fly out, F6 (Line Drive, 6)
Batting: RHB Stan Taylor 0-0: Ball
1-0: Called Strike
1-1: TRIPLE (Groundball, 3L)
Jorge Barbosa scores
Milo Powers scores
Ricardo Velásquez scores
Batting: RHB José López 0-0: Ball
1-0: Swinging Strike
1-1: Ground out 4-3 (Groundball, 34)
Top of the 5th over - 4 runs, 4 hits, 0 errors, 1 left on base; Wichita 14 - Memphis 3
BOTTOM OF THE 5TH
Memphis Blues batting - Pitching for Wichita Wranglers : RHP Lester Williams
Batting: RHB Salvador Mendoza 0-0: Swinging Strike
0-1: Foul Ball, location: 2F
0-2: Reached via error on a dropped throw, E1
Batting: SHB Hang-ki Yue 0-0: Called Strike
0-1: Called Strike
0-2: Foul Ball, location: 2F
0-2: Fielders Choice at 2nd, 4-6 (Groundball, 34)
Batting: LHB Brenton Carter 0-0: Ball
Hang-ki Yue steals 2nd base
1-0: Foul Ball, location: 2F
1-1: Foul Ball, location: 2F
1-2: Ball
2-2: Foul Ball, location: 2F
2-2: Fly out, F7 (Flyball, 78D)
Batting: LHB Weston Chaney 0-0: Called Strike
0-1: Ball
1-1: Ball
2-1: Swinging Strike
2-2: Strikes out swinging
Bottom of the 5th over - 0 runs, 0 hits, 1 error, 1 left on base; Wichita 14 - Memphis 3
TOP OF THE 6TH
Wichita Wranglers batting - Pitching for Memphis Blues : LHP Juan Rocha
Pitching: LHP Juan Rocha
Batting: RHB Javier Sánchez 0-0: Ground out 6-3 (Groundball, 6MD)
Batting: LHB Glenn Williamson 0-0: Ball
1-0: Ball
2-0: Called Strike
2-1: Foul Ball, location: 2F
2-2: Ball
3-2: SINGLE (Groundball, 4MD)
Batting: LHB Dudley Cooper 0-0: SINGLE (Line Drive, 8RS)
Glenn Williamson to second
Pinch Hitting: RHB Travis Ezell 0-0: 3-RUN HOME RUN (Line Drive, 7D), Distance : 415 ft
Batting: LHB Milo Powers 0-0: Called Strike
0-1: Ball
1-1: Ball
2-1: Ball
3-1: Base on Balls
Batting: RHB Ricardo Velásquez 0-0: Called Strike
0-1: Ball
1-1: Ball
2-1: Ball
3-1: Foul Ball, location: 2F
3-2: Base on Balls
Milo Powers to second
Batting: RHB Hubert MacDonald 0-0: Called Strike
0-1: Ball
1-1: Ball
2-1: Called Strike
2-2: Strikes out swinging
Batting: RHB Stan Taylor 0-0: Ball
1-0: Fielders Choice at 2nd, 6-4 (Groundball, 6)
Top of the 6th over - 3 runs, 3 hits, 0 errors, 2 left on base; Wichita 17 - Memphis 3
BOTTOM OF THE 6TH
Memphis Blues batting - Pitching for Wichita Wranglers : RHP Lester Williams
Now at SS: Travis Ezell
Batting: LHB Jorge Silva 0-0: Fly out, F9 (Flyball, 89S)
Batting: LHB John Foster 0-0: Swinging Strike
0-1: Ball
1-1: Foul Ball, location: 2F
1-2: Strikes out looking
Pinch Hitting: SHB Fernando Gutiérrez 0-0: Ball
1-0: Foul Ball, location: 2F
1-1: Ball
2-1: Hit by Pitch
Batting: LHB Armando Domínguez 0-0: Ball
1-0: Ball
2-0: Swinging Strike
2-1: DOUBLE (Flyball, 78D)
Fernando Gutiérrez to third
Runner from 3rd tries for Home, throw and OUT!
Bottom of the 6th over - 0 runs, 1 hit, 0 errors, 1 left on base; Wichita 17 - Memphis 3
TOP OF THE 7TH
Wichita Wranglers batting - Pitching for Memphis Blues : LHP Juan Rocha
Now at 3B: Ángel López
Batting: RHB José López 0-0: Called Strike
0-1: Ball
1-1: SINGLE (Flyball, 9LS)
Batting: RHB Javier Sánchez 0-0: Ball
José López steals 2nd base
1-0: Ball
2-0: Ball
3-0: Base on Balls
Pinch Hitting: LHB Al Miller 0-0: Swinging Strike
0-1: Ball
1-1: Called Strike
1-2: Ball
2-2: Strikes out looking
Batting: LHB Dudley Cooper 0-0: Ball
1-0: Ground out 2-3 (Groundball, 15S)
José López to third
Javier Sánchez to second
Batting: RHB Travis Ezell 0-0: SINGLE (Groundball, 6MS) (infield hit)
José López scores
Javier Sánchez to third
Batting: LHB Milo Powers 0-0: Ball
Wild Pitch!
Javier Sánchez scores
Travis Ezell to second
1-0: Ball
2-0: Foul Ball, location: 2F
2-1: Called Strike
2-2: SINGLE (Groundball, 56D)
Travis Ezell to third
Runner from 3rd tries for Home, SAFE, throw made home
Milo Powers to second
Batting: RHB Ricardo Velásquez 0-0: Ball
1-0: Foul Ball, location: 2F
1-1: Ball
Balk!
Milo Powers to third
2-1: Foul Ball, location: 2F
2-2: Foul Ball, location: 2F
2-2: Strikes out looking
Top of the 7th over - 3 runs, 3 hits, 0 errors, 1 left on base; Wichita 20 - Memphis 3
BOTTOM OF THE 7TH
Memphis Blues batting - Pitching for Wichita Wranglers : RHP Lester Williams
Now in CF: Juan Glaviz
Batting: RHB Jorge Domínguez 0-0: Foul Ball, location: 2F
0-1: Foul Ball, location: 2F
0-2: Ball
1-2: Ground out 5-3 (Groundball, 56)
Batting: RHB Salvador Mendoza 0-0: Ball
1-0: Foul Ball, location: 2F
1-1: SINGLE (Line Drive, 56D)
Batting: SHB Hang-ki Yue 0-0: Ball
1-0: Fly out, F8 (Flyball, 8RS)
Batting: LHB Brenton Carter 0-0: Ball
1-0: Called Strike
1-1: Ball
2-1: 2-RUN HOME RUN (Line Drive, 9LD), Distance : 370 ft
Batting: LHB Weston Chaney 0-0: Foul Ball, location: 2F
0-1: Foul Ball, location: 2F
0-2: Ball
1-2: Ball
2-2: Ball
3-2: Fly out, F7 (Flyball, 7LSF)
Bottom of the 7th over - 2 runs, 2 hits, 0 errors, 0 left on base; Wichita 20 - Memphis 5
TOP OF THE 8TH
Wichita Wranglers batting - Pitching for Memphis Blues : LHP Juan Rocha
Batting: RHB Hubert MacDonald 0-0: Ball
1-0: Ball
2-0: Called Strike
2-1: Foul Ball, location: 2F
2-2: Foul Ball, location: 2F
2-2: Fly out, F6 (Line Drive, 56)
Batting: RHB Stan Taylor 0-0: SINGLE (Line Drive, 56)
Pitching: RHP Chase Mueller
Batting: RHB José López 0-0: Ball
1-0: Ball
Stan Taylor steals 2nd base
2-0: DOUBLE (Flyball, 8RD)
Stan Taylor scores
Batting: RHB Javier Sánchez 0-0: SINGLE (Groundball, 6D)
José López to third
Runner from 3rd tries for Home, throw and OUT!
Batting: SHB Juan Glaviz 0-0: Called Strike
0-1: Swinging Strike
0-2: Ball
Wild Pitch!
Javier Sánchez to second
1-2: Strikes out swinging
Top of the 8th over - 1 run, 3 hits, 0 errors, 1 left on base; Wichita 21 - Memphis 5
BOTTOM OF THE 8TH
Memphis Blues batting - Pitching for Wichita Wranglers : RHP Lester Williams
Pitching: RHP Carlos Gabriel
Now in LF: Lewis Woods
Batting: LHB Jorge Silva 0-0: Ball
1-0: Ground out U3 (Groundball, 34)
Batting: LHB John Foster 0-0: Ball
1-0: Ball
2-0: SINGLE (Line Drive, 6MD)
Batting: RHB Ángel López 0-0: Ball
1-0: DOUBLE (Line Drive, 8LXD)
John Foster to third
Batting: LHB Armando Domínguez 0-0: Ball
1-0: Ball
2-0: Ground out 6-3 (Groundball, 6)
John Foster scores
Batting: RHB Jorge Domínguez 0-0: Swinging Strike
0-1: Ball
1-1: Ball
2-1: Foul Ball, location: 2F
2-2: Foul Ball, location: 2F
2-2: Hit by Pitch
Batting: RHB Salvador Mendoza 0-0: Ball
1-0: Called Strike
1-1: Ground out U3 (Groundball, 3)
Bottom of the 8th over - 1 run, 2 hits, 0 errors, 2 left on base; Wichita 21 - Memphis 6
TOP OF THE 9TH
Wichita Wranglers batting - Pitching for Memphis Blues : RHP Chase Mueller
Batting: LHB Dudley Cooper 0-0: Ball
1-0: Foul Ball, location: 2F
1-1: Ball
2-1: Ball
3-1: Foul Ball, location: 2F
3-2: Fly out, F8 (Line Drive, 89D)
Batting: RHB Travis Ezell 0-0: Foul Ball, location: 2F
0-1: Called Strike
0-2: Hit by Pitch
Batting: LHB Milo Powers 0-0: Called Strike
0-1: Ball
1-1: Swinging Strike
1-2: Strikes out swinging
Batting: SHB Lewis Woods 0-0: Called Strike
0-1: Ball
Travis Ezell is caught stealing 2nd base
Top of the 9th over - 0 runs, 0 hits, 0 errors, 0 left on base; Wichita 21 - Memphis 6
BOTTOM OF THE 9TH
Memphis Blues batting - Pitching for Wichita Wranglers : RHP Carlos Gabriel
Pitching: LHP Dave McCoy
Batting: SHB Hang-ki Yue 0-0: Ball
1-0: SINGLE (Line Drive, 34)
Batting: LHB Brenton Carter 0-0: Ball
1-0: Foul Ball, location: 2F
1-1: Fly out, F9 (Line Drive, 9)
Batting: LHB Weston Chaney 0-0: Grounds into double play, 6-4-3 (Groundball, 6)
Bottom of the 9th over - 0 runs, 1 hit, 0 errors, 0 left on base; Wichita 21 - Memphis 6
Saturday, December 16th, 2017 - OOTP Baseball 18.8 Build 76